 Dungeon Crawl Stone Soup version 0.29-a0-234-g0dae59b3db (webtiles) character file.

Game seed: 5464928617402299153

2346 pokeman the Thaumaturge (level 9, -5/48 HPs)
             Began as a Deep Elf Hedge Wizard on Mar 2, 2022.
             Slain by a scorpion (8 damage)
             ... on level 6 of the Dungeon on Mar 3, 2022.
             The game lasted 00:24:50 (7875 turns).

pokeman the Thaumaturge (Deep Elf Hedge Wizard)     Turns: 7875, Time: 00:24:51

Health: -5/48      AC:  3    Str:  7    XL:     9   Next: 20%
Magic:  2/26       EV: 12    Int: 24    God:
Gold:   247        SH:  0    Dex: 14    Spells: 19/30 levels left

rFire   . . .      SeeInvis .   y - +0 shortbow
rCold   . . .      Faith    .   (shield currently unavailable)
rNeg    . . .      Spirit   .   w - +0 leather armour
rPois   .          Reflect  .   c - +0 hat
rElec   .          Harm     .   (no cloak)
rCorr   .          Rampage  .   (no gloves)
Will    .....                   (no boots)
Stlth   ++........              (no amulet)
HPRegen 0.16/turn               o - ring of wizardry
MPRegen 0.20/turn               b - ring of flight

@: flying
A: no striking features
a: no special abilities


You were on level 6 of the Dungeon.
You visited 1 branch of the dungeon, and saw 6 of its levels.
You also visited: Sewer.

You collected 247 gold pieces.

Inventory:

Hand Weapons
 s - a +2 dagger of venom
 y - a +0 shortbow (weapon)
Armour
 c - a +0 hat (worn)
 w - a +0 leather armour (worn)
 z - an orb of guile
Jewellery
 b - a ring of flight (right hand)
 o - a ring of wizardry (left hand)
 A - a ring of ice
Wands
 h - a wand of flame (7)
 q - a wand of polymorph (10)
 H - a wand of charming (11)
Scrolls
 d - 5 scrolls of identify {unknown}
 e - 3 scrolls of immolation {unknown}
 g - 2 scrolls of enchant armour {unknown}
 j - 2 scrolls of blinking {unknown}
 k - a scroll of fog {unknown}
 l - 4 scrolls of fear {unknown}
 n - 2 scrolls of torment {unknown}
 u - a scroll of amnesia {unknown}
 C - 2 scrolls of teleportation {unknown}
 D - a scroll of vulnerability {unknown}
 E - a scroll of magic mapping {unknown}
 F - a scroll of noise {unknown}
Potions
 a - 3 potions of curing
 f - 2 potions of resistance {unknown}
 i - a potion of magic {unknown}
 m - 2 potions of might {unknown}
 p - a potion of berserk rage {unknown}
 r - 2 potions of brilliance {unknown}
 t - a potion of heal wounds {unknown}
 v - a potion of cancellation {unknown}
 x - a potion of haste
 B - a potion of flight {unknown}
 G - a potion of attraction {unknown}


   Skills:
 - Level 2.2 Fighting
 + Level 2.9 Armour
 - Level 3.0 Dodging
 - Level 3.0 Stealth
 * Level 11.1 Spellcasting
 + Level 6.0 Conjurations
 - Level 1.1 Summonings
 - Level 1.1 Translocations
 + Level 4.7 Fire Magic
 - Level 1.2 Air Magic
 - Level 2.0 Poison Magic
 - Level 2.0 Evocations


You had 19 spell levels left.
You knew the following spells:

 Your Spells              Type           Power      Damage    Failure   Level
a - Magic Dart            Conj           100%       1d8       1%          1
b - Mephitic Cloud        Conj/Pois/Air  28%        N/A       2%          3
c - Call Imp              Summ           18%        N/A       2%          2
d - Blink                 Tloc           36%        N/A       2%          2
e - Conjure Flame         Conj/Fire      39%        6-21      1%          3

Your spell library contained the following spells:

 Spells                   Type           Power      Damage    Failure   Level
 Slow                     Hex            52%        N/A       2%          1
 Ensorcelled Hibernation  Hex/Ice        26%        N/A       4%          2
 Spider Form              Tmut/Pois      18%        N/A       6%          3
 Anguish                  Hex/Necr       6%         N/A       26%         4


Dungeon Overview and Level Annotations

Branches:
Dungeon (6/15)              Sewer (visited)
 Temple: D:4-7

Altars:
Ru
Yredelemnul


Message History

You blink.
Casting: Blink (safe; 2% risk of failure)
Confirm with . or Enter, or press ? or * to list all spells.
The fire begins to smoulder!
Something hits you.
Unknown command.
The fire ignites!
You start resting.
You feel stable enough to blink again.
You start resting.
A gnoll comes into view. It is wielding a +0 spear.
Casting: Conjure Flame (safe; 1% risk of failure)
Confirm with . or Enter, or press ? or * to list all spells.
You blink.
The scorpion stings you.
You are poisoned.
The scorpion poisons you!
You feel very sick.
Something hits the scorpion but does no damage.
Something hits the scorpion!
You feel sick.
Casting: Blink (safe; 2% risk of failure)
Confirm with . or Enter, or press ? or * to list all spells.
A beastly little devil appears in a puff of flame.
You feel stable enough to blink again.
You feel sick. The scorpion barely misses you. The scorpion stings you.
* * * LOW HITPOINT WARNING * * *
Unknown command.
* * * LOW HITPOINT WARNING * * *
You feel sick.
Reactivating autopickup.
You feel a bit more experienced. Something hits your crimson imp.
Your Spellcasting skill increases to level 11!
Your Conjurations skill increases to level 6!
* * * LOW HITPOINT WARNING * * *
You feel sick.
It was a potion of curing.
You feel better. The scorpion stings you!
* * * LOW HITPOINT WARNING * * *
Your crimson imp hits the scorpion.
Your crimson imp blinks!
The scorpion stings you!
You die...

#.###
#.§g#
#.#...#
#.#####
#.# #§#
#.# #s#
#@# #.#
#5# #..
###


You could see a scorpion (ally target) and a friendly crimson imp (summoned).

Vanquished Creatures
  An unseen horror (D:6)
  Sigmund (D:6)
  3 water moccasins
  An ice beast (D:6)
  Pargi (Sewer)
  A black bear (D:5)
  2 ogres
  A centaur (D:6)
  A phantom (D:5)
  2 scorpions
  A wight (D:6)
  A bullfrog zombie (D:5)
  2 jellies (D:6)
  A hound (D:5)
  Jessica (D:2)
  4 iguanas
  6 orc wizards
  Natasha (thrice) (D:2)
  A howler monkey zombie (D:5)
  7 gnolls (D:5)
  12 adders
  A river rat (D:4)
  An ufetubus (D:5)
  A worm (D:4)
  A dart slug (D:3)
  18 orcs
  9 ball pythons
  7 endoplasms
  3 giant cockroaches
  5 hobgoblins
  6 jackals
  7 kobolds
  4 quokkas
  8 bats
  6 goblins
  7 rats
137 creatures vanquished.

Vanquished Creatures (collateral kills)
  2 adders
  2 river rats (D:4)
  A worm (D:3)
  A dart slug (D:4)
  A rat (D:4)
7 creatures vanquished.

Vanquished Creatures (others)
  An adder (D:6)
1 creature vanquished.

Grand Total: 145 creatures vanquished

Notes
Turn   | Place    | Note
-------+----------+-------------------------------------------
     0 | D:1      | pokeman the Deep Elf Hedge Wizard began the quest for the
                  | Orb.
     0 | D:1      | Reached XP level 1. HP: 10/10 MP: 7/7
   386 | D:1      | Reached XP level 2. HP: 15/15 MP: 4/9
  1107 | D:1      | Reached skill level 5 in Spellcasting
  1434 | D:2      | Reached XP level 3. HP: 17/20 MP: 6/11
  1438 | D:2      | Learned a level 3 spell: Mephitic Cloud
  1441 | D:2      | Learned a level 2 spell: Call Imp
  1444 | D:2      | Learned a level 2 spell: Blink
  1448 | D:2      | Learned a level 3 spell: Conjure Flame
  1561 | D:2      | Noticed Natasha
  1959 | D:2      | Reached skill level 1 in Armour
  2168 | D:2      | Killed Natasha
  2169 | D:2      | Reached skill level 1 in Fighting
  2169 | D:2      | Reached XP level 4. HP: 25/25 MP: 3/13
  2421 | D:2      | Noticed Jessica
  2428 | D:2      | Killed Jessica
  2468 | D:2      | Noticed Natasha
  2474 | D:2      | Killed Natasha
  2602 | D:3      | Reached skill level 1 in Fire Magic
  2748 | D:3      | Reached skill level 6 in Spellcasting
  2762 | D:3      | Reached XP level 5. HP: 25/29 MP: 0/15
  3134 | D:2      | Noticed Natasha
  3141 | D:2      | Killed Natasha
  3479 | D:3      | Reached skill level 1 in Air Magic
  3479 | D:3      | Reached XP level 6. HP: 25/34 MP: 13/17
  3631 | D:3      | Found a faded altar of an unknown god.
  3642 | D:3      | Reached skill level 1 in Evocations
  4327 | D:4      | Reached skill level 7 in Spellcasting
  4383 | D:4      | Reached skill level 1 in Poison Magic
  4579 | D:4      | Found a glowing drain.
  4584 | Sewer    | Entered a sewer
  4714 | Sewer    | Noticed Pargi
  4730 | Sewer    | Killed Pargi
  4731 | Sewer    | Reached XP level 7. HP: 38/38 MP: 14/20
  5279 | D:5      | Entered Level 5 of the Dungeon
  5288 | D:5      | Reached skill level 8 in Spellcasting
  5550 | D:5      | Found a sacrificial altar of Ru.
  6144 | D:5      | Reached skill level 9 in Spellcasting
  6144 | D:5      | Reached XP level 8. HP: 24/44 MP: 9/23
  7221 | D:5      | Found a basalt altar of Yredelemnul.
  7317 | D:6      | Noticed Sigmund
  7327 | D:6      | Killed Sigmund
  7328 | D:6      | Reached skill level 5 in Conjurations
  7334 | D:6      | Reached skill level 10 in Spellcasting
  7658 | D:6      | Reached XP level 9. HP: 28/48 MP: 10/25
  7871 | D:6      | Killed an unseen horror
  7872 | D:6      | Reached skill level 11 in Spellcasting
  7875 | D:6      | Slain by a scorpion

Illustrated notes

Levels and vault maps discovered:
D:1:      dpeg_arrival_pits, layout_loops_corners
D:2:      minmay_evil_eye, layout_rooms, uniq_natasha, uniq_jessica
D:3:      layout_basic, ebering_ecumenical_altar_box
D:4:      layout_basic, lightli_sewer_entry_pipes, minmay_misc_feat_enclosed
D:5:      layout_loops_corners, lemuel_zombie_altar_yredelemnul,
          nicolae_ru_great_annihilating_truth,
          amcnicky_mini_rare_corridor_liquid
D:6:      minmay_skewed_foursquare, layout_basic, fedhas_altar_4,
          minmay_increasing_density, uniq_sigmund

Skill      XL: |  1  2  3  4  5  6  7  8  9 |
---------------+----------------------------+-----
Spellcasting   | 5 6 7 9 10 11 | 11.1
Armour         | 1 2 |  2.9
Fighting       | 1 2 |  2.2
Conjurations   | 2 3 4 5 6 |  6.0
Dodging        | 3 |  3.0
Fire Magic     | 1 2 4 |  4.7
Stealth        | 3 |  3.0
Air Magic      | 1 |  1.2
Evocations     | 2 |  2.0
Poison Magic   | 1 2 |  2.0
Summonings     | |  1.1
Translocations | |  1.1

Action                   |  1- 3 |  4- 6 |  7- 9 || total
-------------------------+-------+-------+-------++-------
Melee: Mace              |    10 |     4 |       ||    14
       Dagger            |       |    85 |    63 ||   148
 Fire: Shortbow          |       |       |    17 ||    17
 Cast: Magic Dart        |    84 |    71 |    97 ||   252
       Mephitic Cloud    |     2 |    17 |    18 ||    37
       Call Imp          |     1 |     6 |     5 ||    12
       Conjure Flame     |       |     2 |    18 ||    20
       Blink             |       |     1 |     5 ||     6
  Use: Potion            |       |       |     1 ||     1
 Stab: Confused          |       |     4 |     7 ||    11
       Distracted        |       |     1 |       ||     1
Armor: Robe              |     8 |     3 |       ||    11
       Leather armour    |       |       |     8 ||     8
Dodge: Dodged            |    26 |    48 |    42 ||   116

Table legend: (Time is in decaauts)
 A = Elapsed time spent in this place.
 B = Non-inter-level travel time spent in this place.
 C = Inter-level travel time spent in this place.
 D = Time resting spent in this place.
 E = Time spent auto-exploring this place.
 F = Levels seen in this place.
 G = Mean time per level.
                   A        B        C        D        E       F      G
               +--------+--------+--------+--------+--------+-----+--------+
         Total |   7914 |   7822 |     92 |    895 |   5442 |   7 | 1130.6 |
       Dungeon |   7688 |   7596 |     92 |    863 |   5301 |   6 | 1281.3 |
         Sewer |    225 |    225 |      0 |     32 |    141 |   1 |  225.0 |
               +--------+--------+--------+--------+--------+-----+--------+

Top non-repeatable levels by time:
     D:5: 2037 daAuts
     D:1: 1703 daAuts
     D:3: 1337 daAuts
     D:2: 1140 daAuts
     D:4: 904 daAuts
     D:6: 566 daAuts
   Sewer: 225 daAuts
